 Dungeon Crawl Stone Soup version 0.19.5 (webtiles) character file.

958 Rrauwl the Cleaver (level 8, -3/68 HPs)
             Began as a Hill Orc Fighter on Mar 12, 2017.
             Was a Follower of Vehumet.
             Slain by Rrauwl's ghost (18 damage)
             ... on level 6 of the Dungeon.
             The game lasted 00:22:20 (4978 turns).

Rrauwl the Cleaver (Hill Orc Fighter)               Turns: 4978, Time: 00:22:20

Health: -3/68      AC:  7    Str: 17 (19) XL:     8   Next: 14%
Magic:  8/8        EV: 11    Int:  9 (10) God:    Vehumet [*.....]
Gold:   328        SH:  5    Dex:  8 (10) Spells: 1 memorised, 8 levels left

rFire  . . .     SeeInvis .     a - +1 war axe
rCold  . . .     Gourm    .     c - +0 ring mail
rNeg   . . .     Faith    .     l - +1 buckler
rPois  .         Spirit   .     p - +0 helmet
rElec  .         Reflect  .     q - +0 cloak
rCorr  .         Harm     .     (no gloves)
MR     +....                    u - +0 pair of boots
Stlth  ..........               (no amulet)
                                (no ring)
                                r - ring of protection from magic

@: no status effects
A: talons 1, deformed body, low mp 1
a: Renounce Religion


You were on level 6 of the Dungeon.
You worshipped Vehumet.
Vehumet was aware of your devotion.
You were not hungry.

You visited 2 branches of the dungeon, and saw 7 of its levels.

You collected 328 gold pieces.

Inventory:

Hand Weapons
 a - a +1 war axe (weapon)
 s - the +7 quarterstaff "Toady" {flame, +Inv}
   (You took it off a goblin on level 5 of the Dungeon)

   It has been specially enchanted to burn those struck by it, causing extra
   injury to most foes and up to half again as much damage against particularly
   susceptible opponents.
   It lets you turn invisible.
Missiles
 i - 5 tomahawks of returning (quivered)
Armour
 c - a +0 ring mail (worn)
 l - a +1 buckler (worn)
 p - a +0 helmet (worn)
 q - a +0 cloak (worn)
 u - a +0 pair of boots (worn)
Jewellery
 r - a ring of protection from magic (left hand)
Wands
 b - a wand of flame (10/48)
Scrolls
 e - 3 scrolls of teleportation
 k - 5 scrolls of remove curse
 n - 2 scrolls of identify
 t - a scroll of enchant armour
Potions
 h - 2 potions of cancellation
 j - 2 potions of curing
Comestibles
 d - 2 chunks of flesh
 f - 5 bread rations
 g - a slice of pizza
 m - 2 fruits


   Skills:
 + Level 5.0 Fighting
 + Level 12.5 Axes
 + Level 4.6 Armour
 + Level 2.0 Dodging
 - Level 0.1 Stealth
 + Level 4.4 Shields
 + Level 1.0 Spellcasting
 + Level 1.3 Conjurations
 + Level 0.6 Poison Magic
 + Level 0.8 Evocations


You had 8 spell levels left.
You knew the following spells:

 Your Spells              Type           Power        Failure   Level  Hunger
a - Sting                 Conj/Pois      #...         47%         1    ##.....


Dungeon Overview and Level Annotations

Branches:
Dungeon (6/15)             Temple (1/1) D:4

Altars:
Dithmenos
Elyvilon
Fedhas
Gozag
Hepliaklqana
Kikubaaqudgha
Nemelex Xobeh
Okawaru
Qazlal
Ru
Sif Muna
Trog
Uskayaw
Vehumet
Zin

Annotations:
D:6 Rrauwl's ghost, novice HOFi


Innate Abilities, Weirdness & Mutations

You have sharp toenails.
Armour fits poorly on your strangely shaped body.
Your magical capacity is low. (-10% MP)


Message History

You closely miss Rrauwl's ghost.
Rrauwl's ghost is almost destroyed.
You block Rrauwl's ghost's attack.
You hit Rrauwl's ghost but do no damage.
Rrauwl's ghost is almost destroyed.
You block Rrauwl's ghost's attack.
You hit Rrauwl's ghost but do no damage.
Rrauwl's ghost is almost destroyed.
Rrauwl's ghost hits you!
* * * LOW HITPOINT WARNING * * *
You hit Rrauwl's ghost but do no damage.
Rrauwl's ghost is almost destroyed.
The hound pauses to sniff the ground.
You block Rrauwl's ghost's attack.
You barely miss Rrauwl's ghost.
Rrauwl's ghost is almost destroyed.
You hit Rrauwl's ghost but do no damage.
Rrauwl's ghost is almost destroyed.
Rrauwl's ghost hits you!!
You die...

#### ## ##.. #..
.. #......
....###.##...
.....#.
....hlW.##..#
#.#....#. #@##..#
#..#...#. #.##.>#
#.#..##. #.##..#
#.....#. #.##..#
#.....#.
#.##..#####....[..
#.................
###########.#...#.
#.##..#. #.##..##


You could see an iguana, a hound and Rrauwl's ghost.

Vanquished Creatures
  An ogre (D:5)
  3 centaurs
  A scorpion (D:5)
  A howler monkey (D:5)
  A bullfrog zombie (D:5)
  An orc priest (D:4)
  3 iguanas
  3 orc wizards
  4 worker ants
  A worker ant zombie (D:5)
  Robin (D:3)
  3 gnolls (D:3)
  4 adders
  An ooze (D:1)
  2 adder skeletons (D:4)
  2 worms
  2 dart slugs
  3 leopard geckos
  11 orcs
  5 giant cockroaches
  14 hobgoblins
  2 jackals (D:1)
  5 quokkas
  A ball python (D:3)
  12 bats
  5 frilled lizards
  12 goblins
  A jackal skeleton (D:4)
  2 kobolds (D:1)
  A leopard gecko skeleton (D:4)
  A quokka skeleton (D:5)
  3 rats
112 creatures vanquished.

Notes
Turn   | Place    | Note
-------+----------+-------------------------------------------
     0 | D:1      | Rrauwl the Hill Orc Fighter began the quest for the Orb.
     0 | D:1      | Reached XP level 1. HP: 19/19 MP: 1/1
     2 | D:1      | Noticed a centaur
     2 | D:1      | Noticed a vine stalker
     4 | D:1      | Noticed a draconian
     4 | D:1      | Noticed a demigod
     6 | D:1      | Noticed a felid
     6 | D:1      | Noticed an octopode
     8 | D:1      | Noticed a formicid
     8 | D:1      | Noticed a human
    10 | D:1      | Noticed a dwarf
    12 | D:1      | Noticed a merfolk
    14 | D:1      | Noticed a vampire
    14 | D:1      | Noticed a tengu
    16 | D:1      | Noticed a minotaur
    16 | D:1      | Noticed a ghoul
    18 | D:1      | Noticed a troll
    18 | D:1      | Noticed an elf
    20 | D:1      | Noticed a demonspawn
    20 | D:1      | Noticed a naga
    22 | D:1      | Noticed a spriggan
    22 | D:1      | Noticed an ogre
    24 | D:1      | Noticed a halfling
    26 | D:1      | Noticed a gargoyle
    50 | D:1      | Reached skill level 3 in Axes
   383 | D:1      | Reached XP level 2. HP: 26/26 MP: 2/2
   428 | D:1      | Reached skill level 4 in Axes
   492 | D:1      | Reached skill level 12 in Axes
   492 | D:1      | Reached XP level 3. HP: 31/31 MP: 3/3
   844 | D:1      | Reached XP level 4. HP: 34/39 MP: 4/4
  1431 | D:2      | Found a sacrificial altar of Ru.
  1868 | D:3      | Reached XP level 5. HP: 38/46 MP: 5/5
  2074 | D:3      | Noticed Robin
  2211 | D:3      | Killed Robin
  2509 | D:4      | Found a bloodstained altar of Trog.
  2581 | D:4      | Found a staircase to the Ecumenical Temple.
  2627 | Temple   | Entered the Ecumenical Temple
  2871 | Temple   | Became a worshipper of Vehumet
  2892 | D:4      | Found an iron altar of Okawaru.
  3428 | D:4      | Reached XP level 6. HP: 52/52 MP: 6/6
  3458 | D:4      | Reached skill level 1 in Dodging
  3822 | D:5      | Entered Level 5 of the Dungeon
  3845 | D:5      | Found an opulent altar of Gozag.
  3880 | D:5      | Found a shadowy altar of Dithmenos.
  3916 | D:5      | Found an iron altar of Okawaru.
  4173 | D:5      | Reached XP level 7. HP: 40/60 MP: 7/7
  4176 | D:5      | Got a bloodstained quarterstaff {flame}
  4182 | D:5      | Identified the +7 quarterstaff "Toady" {flame, +Inv} (You took it off a goblin on level 5 of the Dungeon)
  4298 | D:5      | Reached * piety under Vehumet
  4298 | D:5      | Offered knowledge of Sting by Vehumet.
  4305 | D:5      | Learned a level 1 spell: Sting
  4391 | D:5      | Reached skill level 5 in Fighting
  4751 | D:6      | Reached skill level 1 in Conjurations
  4843 | D:6      | Gained mutation: You have sharp toenails. [potion of mutation]
  4843 | D:6      | Gained mutation: Your magical capacity is low. (-10% MP) [potion of mutation]
  4843 | D:6      | Gained mutation: Armour fits poorly on your strangely shaped body. [potion of mutation]
  4856 | D:6      | Reached XP level 8. HP: 63/68 MP: 8/8
  4857 | D:6      | Reached skill level 1 in Spellcasting
  4944 | D:6      | Noticed Rrauwl's ghost (novice HOFi)
  4978 | D:6      | Slain by Rrauwl's ghost

Skill      XL: |  1  2  3  4  5  6  7  8 |
---------------+-------------------------+-----
Axes           | 3 12 | 12.5
Fighting       | 4 5 |  5.0
Dodging        | 1 2 |  2.0
Armour         | 4 |  4.6
Shields        | 4 |  4.4
Conjurations   | 1 |  1.3
Spellcasting   | 1 |  1.0
Stealth        | |  0.1
Poison Magic   | |  0.6
Evocations     | |  0.8

Action                   |  1- 3 |  4- 6 |  7- 9 || total
-------------------------+-------+-------+-------++-------
Melee: War axe           |    84 |   217 |    74 ||   375
Evoke: Wand              |       |       |     5 ||     5
  Use: Potion            |     5 |     3 |     6 ||    14
       Scroll            |     2 |     9 |     2 ||    13
  Eat: Chunk             |       |    10 |     2 ||    12
       Fruit             |       |     1 |       ||     1
Armor: Scale mail        |    26 |    12 |       ||    38
       Ring mail         |       |    48 |    19 ||    67
Dodge: Dodged            |    19 |    63 |    24 ||   106
Block: Shield            |    38 |     5 |       ||    43
       Buckler           |       |    40 |    13 ||    53
